[Event "Turkish Youth Teams U18 2024"]
[Site "Karaman"]
[Date "2024.04.24"]
[Round "7"]
[White "Yilmaz, Kerem Tuna"]
[Black "Engin, Onur Cinar"]
[Result "1/2-1/2"]
[ECO "B10"]
[WhiteElo "2009"]
[BlackElo "2101"]
[Annotator "RC"]
[PlyCount "121"]
[EventDate "2024.04.21"]
[EventType "team-tourn"]
[EventCountry "TUR"]
[SourceTitle "playchess.com"]
[Source "ChessBase"]
[SourceQuality "1"]
[TimeControl "5400+30"]

1. e4 c6 2. Nf3 d5 3. d3 Bg4 4. Be2 Nd7 5. Nc3 Bxf3 6. Bxf3 d4 7. Nb1 e5 8. Bg4 Ngf6 9. Bh3 Bd6 10. O-O O-O 11. a4 b5 12. f4 exf4 13. Bxf4 Bxf4 14. Rxf4 Qc7 15. Qf1 a6 16. Nd2 c5 17. Re1 Ne5 18. Rf5 Neg4 19. Qf4 Qxf4 20. Rxf4 Ne5 21. axb5 axb5 22. Nb3 Ra2 23. Rb1 c4 24. dxc4 d3 25. cxd3 Nxd3 26. Rxf6 gxf6 27. cxb5 Rxb2 28. Rxb2 Nxb2 29. Bg4 Na4 30. Be2 Rd8 31. Kf2 Kf8 32. Ke3 Ke7 33. Bc4 Nb6 34. Be2 Ra8 35. Nd4 Ra3+ 36. Kf4 Ra4 37. Nf5+ Kd7 38. Nh6 Nd5+ 39. Kf5 Ne3+ 40. Kxf6 Rxe4 41. Bf3 Re6+ 42. Kg7 Nxg2 43. Bg4 Kc7 44. Bxe6 fxe6 45. Kxh7 e5 46. Kg6 e4 47. Ng4 Kb6 48. Kf5 e3 49. Nxe3 Nxe3+ 50. Kf4 Ng2+ 51. Kg3 Ne3 52. Kf3 Nf5 53. Kf4 Nh4 54. Kg4 Ng2 55. Kg3 Ne3 56. h3 Kxb5 57. Kf3 Kc6 58. h4 Nf5 59. h5 Kd6 60. Kf4 Ke6 61. Ke4 1/2-1/2

[Event "Turkish Youth Teams U18 2024"]
[Site "Karaman"]
[Date "2024.04.24"]
[Round "7"]
[White "Dogan, Umut Anil"]
[Black "Tarhan, Adar"]
[Result "0-1"]
[ECO "A14"]
[WhiteElo "1983"]
[BlackElo "2446"]
[Annotator "TA"]
[PlyCount "90"]
[EventDate "2024.04.21"]
[EventType "team-tourn"]
[EventCountry "TUR"]
[SourceTitle "playchess.com"]
[Source "ChessBase"]
[SourceQuality "1"]
[TimeControl "5400+30"]

1. Nf3 Nf6 2. c4 e6 3. g3 d5 4. Bg2 Be7 5. O-O O-O 6. b3 d4 7. e3 c5 8. exd4 cxd4 9. d3 Nc6 10. Re1 Nd7 11. Ba3 e5 {[%emt 0:07:30] [#]} 12. b4 $1 Bxb4 13. Bxb4 {[%emt 0:00:30] The position is equal.} Nxb4 14. Nxe5 Nxe5 15. Rxe5 Re8 16. Rxe8+ Qxe8 17. a3 {[%emt 0:05:30] [#]} ({White should play} 17. Be4 $14) 17... Bg4 $1 $11 18. Qd2 {[%emt 0:04:30] [#]} Nc2 19. Ra2 (19. Qxc2 Qe1+ 20. Bf1 Re8 $19) 19... Ne1 20. Qf4 $1 Nxd3 ({Black should try} 20... Qd7 $15 21. Be4 Re8) 21. Qxg4 Qe1+ 22. Bf1 Qxb1 23. Rd2 Ne5 $1 24. Qh5 Nc6 (24... Nxc4 25. Rxd4 g6 26. Qc5 $14) 25. Rd1 (25. Qb5 $11 {remains equal.} Qxb5 26. cxb5) 25... Qb3 $17 26. Bg2 (26. Ra1 $17 {is a better defense.}) 26... g6 (26... Qxc4 27. Bd5 g6 28. Qf3 $16) (26... Qxa3 27. Qb5 Qe7 28. Bxc6 bxc6 29. Qxc6) (26... d3 $1 $19 {Hoping for ...g6.} 27. Rf1 (27. Be4 $2 g6 $19) 27... Re8 (27... Qxc4 28. Bd5 $15)) 27. Qg4 (27. Qe2 $17) 27... h5 (27... Qxa3 28. Bxc6 bxc6 29. Rxd4 $17) (27... d3 $19 28. Bxc6 bxc6) 28. Qe2 {[%emt 0:01:30] Against Ne5} Rd8 29. Bd5 Rxd5 (29... Qxa3 $17 {Threatens to win with ...Qd6.} 30. Rb1 d3) 30. cxd5 $11 Qxd5 $17 {[%emt 0:00:00][%mdl 4096] Endgame. KQR-KQN} 31. f4 b5 32. Qe8+ Kh7 $1 33. Qe2 a5 34. h3 (34. Rd2 $11) 34... b4 (34... Qc5 $15 35. Kh2 Qxa3 36. Qxb5 Qa2+ 37. Kg1 Ne7) 35. axb4 $11 Nxb4 36. f5 Qxf5 {[%emt 0:00:00] White must now prevent ...d3.} 37. Rf1 {[%emt 0:00:12] [#]} (37. Rxd4 $11 Qxh3 38. Qf3) 37... Qd7 $1 $17 ({Weaker is} 37... Qxh3 38. Rxf7+ Kh6 39. Qd2+ g5 40. Rf6+ (40. Qxd4 Qxg3+ 41. Kh1 Qh3+ 42. Kg1 Qg3+ 43. Kf1 Qd3+ 44. Qxd3 Nxd3 $11) 40... Kh7 41. Qxg5) 38. Qc4 Kg8 ({Worse is} 38... Qxh3 39. Qxf7+ (39. Rxf7+ Kh6 40. Qc1+ g5 41. Rf6+ Kh7 42. Qc7+ Qd7 43. Qxd7+ Kg8 44. Qf7+ Kh8 45. Rh6#) 39... Kh6 40. Qf8+ Kh7 41. Rf7#) 39. Qc5 {[%emt 0:02:59] [#]} Qxh3 (39... d3 $1 $17 {...Nc2 would now be deadly.} 40. Qxa5 Nc6) 40. Qxa5 $2 (40. Qc7 $11 Qe6 41. Qd8+ Kh7 42. Qxd4) 40... Qxg3+ $19 41. Kh1 Qh4+ 42. Kg1 Nd3 43. Qd5 Qg3+ 44. Kh1 Nf4 {[%emt 0:01:30] ( -> ...Qh4+)} ({Not} 44... Nf2+ 45. Rxf2 Qxf2 46. Qa8+ Kh7 47. Qh8+ Kxh8 $11) 45. Qe4 Qh4+ {[%emt 0:00:00] Weighted Error Value: White=0.64/Black=0.31.  Loses game:     	White=1     	---        Mistake:       	White=6     	Black=6      Inaccurate:     	White=1     	Black=1      OK:         	White=8     	Black=8      Best:        	White=4     	Black=4      Strong:       	White=1     	Black=2} 0-1

[Event "Turkish Youth Teams U18 2024"]
[Site "Karaman"]
[Date "2024.04.24"]
[Round "7"]
[White "Ozkeskin, Nazim Efe"]
[Black "Taspinar, Yanki"]
[Result "0-1"]
[ECO "C58"]
[WhiteElo "1926"]
[BlackElo "2298"]
[Annotator "TA"]
[PlyCount "56"]
[EventDate "2024.04.21"]
[EventType "team-tourn"]
[EventCountry "TUR"]
[SourceTitle "playchess.com"]
[Source "ChessBase"]
[SourceQuality "1"]
[TimeControl "5400+30"]

1. e4 e5 2. Nf3 Nc6 3. Bc4 Nf6 4. Ng5 d5 5. exd5 Na5 6. Bb5+ c6 7. dxc6 bxc6 8. Bd3 Nd5 9. Nf3 (9. Nxh7 $2 {loses.} Nf4 10. Be4 f5 $19) 9... Bd6 10. O-O Nf4 {[%emt 0:00:00] The position is equal.} 11. Nc3 Nxd3 12. cxd3 O-O 13. Ne4 Bc7 14. Qc2 c5 15. b3 Bg4 16. Ba3 Bxf3 17. gxf3 Bb6 18. Bxc5 Rc8 $1 {[%emt 0:01:30] [#] And now ...Bxc5 would win.} 19. d4 exd4 20. Bxb6 Qxb6 21. Qd3 Nc6 $36 {[%emt 0:06:30][%mdl 2048] Black is pushing.} 22. f4 {[%emt 0:01:30] Prevents Ne5} (22. Ng5 $5 g6 $8 23. f4 $11) 22... Nb4 23. Qg3 (23. Qf3 $11) 23... f5 $15 {[%emt 0:05:30][%mdl 1024] Black has compensation.} 24. Ng5 Rc6 {[%emt 0:01:30] White must now prevent ...h6.} 25. Kh1 (25. a3 $11 Nc2 26. Ra2) 25... h6 $17 {[%emt 0:00:30] Black is more active.} 26. Nf3 (26. Nh3 $17) 26... Rg6 $19 {[%emt 0:00:30] Black is clearly winning.} 27. Qh3 (27. Ng5 $142) 27... Qb7 {[%emt 0:01:30] ...Nd3 is the strong threat.} 28. Rg1 {[%emt 0:01:30] [#]} Nd3 $1 {[%emt 0:00:00][%csl LRf2,LRf4] Weighted Error Value: White=0.72/Black=0.02 (flawless) .  Loses game:     	White=1     	---        Mistake:       	White=3     	---        Inaccurate:     	White=2     	Black=1      OK:         	White=6     	Black=12     Best:        	---       	Black=4      Strong:       	---       	Black=1} 0-1

[Event "Turkish Youth Teams U18 2024"]
[Site "Karaman"]
[Date "2024.04.24"]
[Round "7"]
[White "Yildiz, Tunahan"]
[Black "Saskin, Ayaz"]
[Result "1/2-1/2"]
[ECO "A18"]
[WhiteElo "1881"]
[BlackElo "1696"]
[Annotator "NA RC"]
[PlyCount "48"]
[EventDate "2024.04.21"]
[EventType "team-tourn"]
[EventCountry "TUR"]
[SourceTitle "playchess.com"]
[Source "ChessBase"]
[SourceQuality "1"]
[TimeControl "5400+30"]

1. c4 e6 2. Nc3 Nf6 3. e4 d5 4. e5 d4 5. exf6 dxc3 6. bxc3 Qxf6 7. d4 e5 8. Nf3 Nc6 9. Be2 h6 10. O-O Bd6 11. c5 Be7 12. Bb5 (12. d5 $16 Nb8 13. Ba3) 12... exd4 13. cxd4 O-O 14. Be3 Bg4 15. d5 (15. Bxc6 $11 bxc6 16. h3 Bxf3 17. Qxf3) 15... Ne5 16. Be2 Rfd8 17. Rb1 b6 18. d6 $15 cxd6 19. cxb6 Nxf3+ 20. Bxf3 Bxf3 21. Qxf3 Qxf3 22. gxf3 axb6 23. Bxb6 Rdb8 24. Rfe1 Bf6 1/2-1/2

[Event "Turkish Youth Teams U18 2024"]
[Site "Karaman"]
[Date "2024.04.24"]
[Round "7"]
[White "Simsek, Ayaz"]
[Black "Bozdag, Armagan Emre"]
[Result "1/2-1/2"]
[ECO "B22"]
[WhiteElo "1867"]
[BlackElo "1716"]
[Annotator "NA RC"]
[PlyCount "94"]
[EventDate "2024.04.21"]
[EventType "team-tourn"]
[EventCountry "TUR"]
[SourceTitle "playchess.com"]
[Source "ChessBase"]
[SourceQuality "1"]
[TimeControl "5400+30"]

1. e4 c5 2. c3 Nf6 3. e5 Nd5 4. Nf3 d6 5. d4 cxd4 6. cxd4 Nc6 7. Bc4 Nb6 8. Bxf7+ {B22: Sicilian: 2 c3.} Kxf7 9. e6+ {is more profitable than 9.Ng5+ at the moment.} Kg8 10. d5 {[#]} h6 11. dxc6 $146 ({Predecessor:} 11. Nc3 Nb4 12. O-O N4xd5 13. Nxd5 Bxe6 14. Nf4 Bf7 15. Re1 e5 16. Ne2 Be7 17. Ng3 {0-1 Agnello,G (2180)-Priehoda,V (2415) Catania op 4th 1993 (3)}) 11... Bxe6 (11... bxc6 $11 12. Qe2 Nd5) 12. cxb7 Rb8 13. O-O Rxb7 14. Nc3 Bf7 15. Ne5 Qe8 16. Qf3 Rb8 17. Nxf7 Qxf7 18. Qxf7+ Kxf7 19. b3 g6 20. Be3 Bg7 21. Rac1 Rhc8 22. Nb5 a5 23. Bxb6 Rxc1 24. Rxc1 Rxb6 25. a4 d5 26. Kf1 Be5 27. Rc8 Bd6 28. Nxd6+ exd6 $11 29. Rc3 Ke6 30. Ke2 d4 31. Rg3 g5 32. Rh3 Ke5 33. Rxh6 Rxb3 34. Rg6 Rb2+ 35. Kf3 Rb3+ (35... Kd5 $1 $15 36. Rxg5+ Kc4) 36. Ke2 $1 Rb2+ 37. Kd3 $11 Kf5 38. Rxd6 Rxf2 39. Rd5+ Kf6 40. g4 Rxh2 41. Kxd4 Rg2 42. Rxa5 Rxg4+ 43. Ke3 Rg3+ 44. Ke4 Ra3 45. Ra6+ Ke7 46. Kf5 Kd7 47. Kxg5 Kc7 1/2-1/2

[Event "Turkish Youth Teams U18 2024"]
[Site "Karaman"]
[Date "2024.04.24"]
[Round "7"]
[White "Cicek, Bilal Emre"]
[Black "Yildiz, Serdar Murat"]
[Result "1/2-1/2"]
[ECO "A13"]
[WhiteElo "1830"]
[BlackElo "2021"]
[Annotator "RC"]
[PlyCount "100"]
[EventDate "2024.04.21"]
[EventType "team-tourn"]
[EventCountry "TUR"]
[SourceTitle "playchess.com"]
[Source "ChessBase"]
[SourceQuality "1"]
[TimeControl "5400+30"]

1. c4 e6 2. g3 d5 3. Bg2 d4 4. Nf3 c5 5. O-O Nc6 6. e3 Nf6 7. exd4 cxd4 8. d3 Nd7 9. Na3 e5 10. Re1 Be7 11. Nc2 a5 12. b3 O-O 13. a3 f6 14. Rb1 Nc5 15. b4 axb4 16. axb4 Na4 17. Rb3 Qb6 18. Qd2 Be6 19. Ba3 Rfd8 20. b5 Bc5 21. Bxc5 Nxc5 22. Rbb1 Na5 23. Nb4 e4 24. Nh4 f5 25. dxe4 Nxc4 26. Qg5 fxe4 27. Bxe4 Nxe4 28. Rxe4 d3 29. Nxd3 Rxd3 30. Rbe1 Rf8 31. R1e2 Rd1+ 32. Kg2 Bd5 33. Nf5 Bxe4+ 34. Rxe4 Rd7 35. Rxc4 Qf6 36. Qxf6 Rxf6 37. g4 h6 38. h4 h5 39. f3 Kh7 40. Re4 Rdf7 41. Kg3 g6 42. Nd4 hxg4 43. Kxg4 Kg8 44. f4 Rd6 45. Nf3 Rd5 46. Re6 Rxb5 47. Ng5 Rd7 48. Rxg6+ Kf8 49. h5 Rb1 50. h6 Rh1 1/2-1/2

[Event "Turkish Youth Teams U18 2024"]
[Site "Karaman"]
[Date "2024.04.24"]
[Round "7"]
[White "Basdar, Atakan"]
[Black "Senel, Hayri Beyhun"]
[Result "0-1"]
[ECO "B40"]
[WhiteElo "1808"]
[BlackElo "1961"]
[Annotator "TA"]
[PlyCount "108"]
[EventDate "2024.04.21"]
[EventType "team-tourn"]
[EventCountry "TUR"]
[SourceTitle "playchess.com"]
[Source "ChessBase"]
[SourceQuality "1"]
[TimeControl "5400+30"]

1. e4 c5 2. Nf3 e6 3. c3 Nf6 4. Bd3 d5 5. exd5 Qxd5 6. Bc2 Nc6 7. d4 cxd4 8. cxd4 {[%emt 0:00:30] The position is equal.} Bb4+ 9. Nc3 Qc4 10. Qd2 Nd5 11. Bd3 {[%emt 0:00:30] [#]} Qxc3 12. bxc3 Bxc3 13. Qxc3 Nxc3 {[%emt 0:00:00] A dynamic duo of knights.} 14. Bd2 Nd5 15. Bb5 (15. O-O $142) 15... Bd7 $17 16. Rb1 f6 17. O-O Kf7 18. Rfc1 Rhc8 19. a4 Rc7 20. Rb2 Rac8 21. Rcb1 Nd8 22. Bd3 Bxa4 {[%emt 0:02:19] ...Bc2 would now be deadly.} 23. Ra2 Bc2 24. Bxc2 Rxc2 25. Rxa7 Nc3 (25... R8c7 $19 26. h4 Nc3 27. Bxc3 R2xc3) 26. Re1 (26. Bxc3 $17 R8xc3 (26... R2xc3 27. h4 $15) 27. Raa1) 26... Nb5 $19 27. Ra4 R2c4 28. Rxc4 Rxc4 29. Be3 Nd6 30. g4 (30. Rd1 $17 {keeps fighting.}) 30... Nc6 31. h3 Ne7 32. Bf4 Nb5 33. Be3 Nd5 34. Rb1 Nd6 35. Bd2 b5 36. Kf1 Ra4 37. Ke1 Ra3 38. Ke2 Ra2 (38... Ne4 $142 39. Rb2 Ndc3+ 40. Bxc3 Nxc3+ 41. Kf1 Na4 42. Rxb5 Rxf3) 39. Ke1 (39. Kd3 {was called for.}) 39... Ra4 40. Ke2 Ke7 41. Rb3 Kd7 42. Kd3 Kc6 43. Ne1 Nc4 44. Nc2 Nxd2 45. Kxd2 {[%emt 0:00:00][%mdl 4096] Endgame. KRN-KRN} b4 46. Kd3 Kb5 47. h4 Ra7 48. Rb2 Rc7 49. Ke4 Ka4 50. f4 (50. Nxb4 $142 Nxb4 51. Rb1) 50... b3 51. Na1 Rc3 {[%emt 0:00:13][%csl Gd5][%cal Rc3e3] Black mates.} 52. Rxb3 Rxb3 53. Nxb3 Kxb3 54. f5 exf5+ {[%emt 0:01:02] Weighted Error Value: White=0.43/Black=0.23 (precise) .  Mistake:       	White=5     	Black=2      Inaccurate:     	White=7     	Black=1      OK:         	White=8     	Black=25     Best:        	---       	Black=2} 0-1

[Event "Turkish Youth Teams U18 2024"]
[Site "Karaman"]
[Date "2024.04.24"]
[Round "7"]
[White "Eracar, Ali Arda"]
[Black "Durucay, Uygar"]
[Result "0-1"]
[ECO "A07"]
[WhiteElo "1738"]
[BlackElo "1995"]
[Annotator "TA"]
[PlyCount "88"]
[EventDate "2024.04.21"]
[EventType "team-tourn"]
[EventCountry "TUR"]
[SourceTitle "playchess.com"]
[Source "ChessBase"]
[SourceQuality "1"]
[TimeControl "5400+30"]

1. Nf3 Nf6 2. g3 d5 3. Bg2 c6 4. O-O Bg4 5. d3 Nbd7 6. Qe1 e5 7. e4 dxe4 8. dxe4 Bc5 9. Nbd2 Qc7 10. a4 O-O 11. h3 Bh5 {[%emt 0:01:30] The position is equal.} 12. Nh4 Rfe8 13. Nc4 b5 14. Ne3 a6 15. Nhf5 Bf8 16. a5 Nc5 17. f3 Bg6 18. Bd2 Rad8 19. Rd1 (19. Nh4 $11) 19... Ne6 20. Kh1 Nh5 21. Kh2 f6 {[%emt 0:06:30] Black converts the advantage convincingly.} 22. h4 Bf7 {[%emt 0:00:30] Black is much more active.} 23. g4 {[%emt 0:02:37] Wards off g6} (23. Ng4 $17) 23... Nhf4 $19 24. Ng3 Bc5 25. Bc3 Rxd1 26. Nxd1 Rd8 27. b3 $2 (27. Ne3) 27... Qd7 (27... b4 $142 28. Bd2 Nd4 (28... Qxa5 $2 29. Nf5 $19)) 28. Nb2 $2 {[%emt 0:01:17] [#]} (28. Nf5) 28... b4 $1 29. Bxb4 Bxb4 30. Qxb4 Qd2 31. Qxd2 Rxd2 32. Rg1 Rxc2 33. Nc4 Nd4 34. Kh1 $2 {[%emt 0:00:46] [#]} (34. Ne3 Rb2 (34... Nxf3+ $2 35. Kh1 $19) 35. Kh1) 34... Bxc4 {[%emt 0:03:30] Black is clearly winning.} 35. bxc4 g6 {[%emt 0:00:30] Wards off Nf5} 36. h5 Kg7 37. hxg6 hxg6 38. Nf1 Nde2 {[%emt 0:00:30] A dynamic duo of knights.} 39. Ne3 Rc3 40. Nd1 Rc1 41. Re1 Nc3 42. Bf1 Rxd1 43. Rxd1 Nxd1 44. c5 Nf2+ {[%emt 0:00:00] Weighted Error Value: White=0.46/Black=0.12 (very precise) .  Mistake:       	White=5     	Black=1      Inaccurate:     	White=5     	Black=2      OK:         	White=7     	Black=12     Best:        	White=1     	Black=1} 0-1

[Event "Turkish Youth Teams U18 2024"]
[Site "Karaman"]
[Date "2024.04.24"]
[Round "7"]
[White "Sadik, Muhammed Selim"]
[Black "Orhon, Bora"]
[Result "0-1"]
[ECO "D26"]
[WhiteElo "1737"]
[BlackElo "1997"]
[Annotator "RC"]
[PlyCount "110"]
[EventDate "2024.04.21"]
[EventType "team-tourn"]
[EventCountry "TUR"]
[SourceTitle "playchess.com"]
[Source "ChessBase"]
[SourceQuality "1"]
[TimeControl "5400+30"]

1. d4 d5 2. Nf3 Nf6 3. c4 dxc4 4. e3 e6 5. Bxc4 c5 6. O-O cxd4 7. exd4 Be7 8. Nc3 O-O 9. Qe2 Nc6 10. Rd1 Na5 11. Bd3 b6 12. Bg5 Bb7 13. Rac1 Rc8 14. h3 Nc6 15. a3 h6 16. Bh4 Nh5 17. Qe4 g6 18. Bxe7 Qxe7 19. Qe3 Kg7 20. d5 exd5 21. Nxd5 Qxe3 22. Nxe3 Nf4 23. Bf1 Rfd8 24. Nc4 Ne7 25. Rxd8 Rxd8 26. Kh2 Bxf3 27. gxf3 Nf5 28. Ne3 Nh4 29. Rc7 g5 30. Bc4 Nxf3+ 31. Kg3 Ne5 32. Rxa7 Rd2 33. h4 Rxb2 34. hxg5 hxg5 35. Bd5 Rb1 36. Re7 Kf6 37. Re8 Rg1+ 38. Bg2 Ra1 39. Kh2 Ra2 40. Kg1 Ned3 41. Ng4+ Kg7 42. Bf1 Rxa3 43. Rb8 Ra1 44. Ne3 Rb1 45. Nf5+ Kf6 46. Ng3 Nh3+ 47. Kg2 Ndf4+ 48. Kh2 Nxf2 49. Rc8 Rb3 50. Rc6+ Ke5 51. Be2 Nxe2 52. Nxe2 Rb2 53. Ng1 Ne4+ 54. Kh3 g4+ 55. Kh4 Rh2+ 0-1

[Event "Turkish Youth Teams U18 2024"]
[Site "Karaman"]
[Date "2024.04.24"]
[Round "7"]
[White "Gedik, Eylul Ceren"]
[Black "Yildiz, Elif Zeren"]
[Result "1-0"]
[ECO "A20"]
[WhiteElo "1727"]
[BlackElo "1926"]
[Annotator "RC"]
[PlyCount "111"]
[EventDate "2024.04.21"]
[EventType "team-tourn"]
[EventCountry "TUR"]
[SourceTitle "playchess.com"]
[Source "ChessBase"]
[SourceQuality "1"]
[TimeControl "5400+30"]

1. c4 e5 2. d3 Nc6 3. a3 a5 4. Nf3 d6 5. Nc3 h6 6. e3 g6 7. Be2 Bg7 8. O-O Nge7 9. Rb1 f5 10. d4 O-O 11. b4 axb4 12. axb4 g5 13. d5 Nb8 14. Qb3 Ng6 15. c5 f4 16. Ne4 Bf5 17. Nfd2 Rf7 18. cxd6 cxd6 19. Ba3 Bf8 20. b5 b6 21. Bd3 Kg7 22. Nc4 Bxe4 23. Bxe4 Rf6 24. Ra1 Nd7 25. Rfb1 Qb8 26. Bb4 Rxa1 27. Rxa1 Qc7 28. Ra6 Ne7 29. Qa2 Nc8 30. Ra8 Be7 31. Bd3 Rf8 32. Bb1 Rf6 33. Qc2 Nf8 34. Ra3 Qd7 35. Rb3 f3 36. Qe4 Qxb5 37. Bd3 Qa4 38. Rb1 fxg2 39. h4 Qd7 40. Qxg2 g4 41. h5 Nh7 42. Nd2 Rf7 43. Ne4 Kg8 44. Kf1 Bh4 45. Be1 Bg5 46. Ke2 Rf3 47. Nd2 Rf7 48. Bg6 Rf8 49. Ne4 b5 50. Bb4 Nf6 51. Nxf6+ Rxf6 52. Rg1 Bh4 53. Be1 g3 54. f3 Qa7 55. Qh3 Rxg6 56. Qxc8+ 1-0

[Event "Turkish Youth Teams U18 2024"]
[Site "Karaman"]
[Date "2024.04.24"]
[Round "7"]
[White "Mullakutukcu, Ela"]
[Black "Nurdogan, Ilgin Destina"]
[Result "0-1"]
[ECO "B50"]
[WhiteElo "1693"]
[BlackElo "1633"]
[Annotator "NA RC"]
[PlyCount "70"]
[EventDate "2024.04.21"]
[EventType "team-tourn"]
[EventCountry "TUR"]
[SourceTitle "playchess.com"]
[Source "ChessBase"]
[SourceQuality "1"]
[TimeControl "5400+30"]

1. e4 c5 2. Nf3 d6 3. c3 Nf6 4. Be2 Bd7 5. d3 Nc6 6. h3 e6 7. Be3 Be7 8. Nbd2 a6 9. d4 O-O 10. O-O b5 11. a3 Qc7 12. Qc2 Rfc8 13. Rfc1 Qb8 14. Qd1 a5 15. Bd3 h6 16. Rab1 Be8 17. Bc2 b4 18. c4 cxd4 19. Nxd4 Nxd4 20. Bxd4 Bc6 21. Qe2 Qb7 22. f3 Nd7 23. Qf2 Bf8 24. f4 Nc5 25. Bxc5 dxc5 26. Qe2 a4 27. e5 Rd8 28. Ne4 b3 29. Nd6 Bxd6 30. exd6 bxc2 31. Qxc2 Be4 32. Qd2 Bxb1 33. Rxb1 Ra6 34. b4 Raxd6 35. Qc2 Rd2 0-1

[Event "Turkish Youth Teams U18 2024"]
[Site "Karaman"]
[Date "2024.04.24"]
[Round "7"]
[White "Gunaydin, Mehmet Emir"]
[Black "Karabulut, Etka"]
[Result "0-1"]
[ECO "B22"]
[WhiteElo "1688"]
[BlackElo "1815"]
[Annotator "NA RC"]
[PlyCount "106"]
[EventDate "2024.04.21"]
[EventType "team-tourn"]
[EventCountry "TUR"]
[SourceTitle "playchess.com"]
[Source "ChessBase"]
[SourceQuality "1"]
[TimeControl "5400+30"]

1. e4 c5 2. c3 Nf6 3. e5 Nd5 4. d4 cxd4 5. Nf3 Nc6 6. Bc4 Nb6 7. Bb3 d5 8. exd6 Qxd6 9. O-O e6 10. Na3 a6 11. Nxd4 Nxd4 12. cxd4 Be7 {[%emt 0:00:30] B22: Sicilian: 2 c3.} 13. Be3 O-O 14. Qd2 Bf6 15. Rac1 Bd7 16. Rfd1 Bc6 17. d5 Nxd5 (17... Bxd5 18. Bc5 Qd8 19. Bxf8 (19. Qb4 Bxb2 20. Rb1 a5 $11) 19... Qxf8 20. Bxd5 Nxd5 21. Qe2 $14) 18. Bc5 {[%emt 0:00:30] [#]} Qe5 $1 19. Bxd5 {[%emt 0:06:30] [#]} Rfd8 $1 20. Nc4 Qxd5 21. Qxd5 Rxd5 22. Rxd5 Bxd5 23. Nb6 Rd8 24. Nxd5 Rxd5 25. b4 h6 26. h3 $19 (26. Kf1 $17 {was called for.}) 26... b5 27. Rc2 Rd1+ 28. Kh2 Rb1 29. Bd6 Rb2 30. Rxb2 Bxb2 31. Kg3 e5 32. Kf3 f5 33. g4 g6 34. h4 h5 35. g5 Kf7 36. Bc5 Ke6 37. Ke3 Kd5 38. Kd3 e4+ 39. Ke3 Be5 40. Be7 f4+ 41. Ke2 f3+ 42. Kd2 Bd4 43. Ke1 e3 44. fxe3 Bxe3 45. Kf1 Ke4 46. Bd6 Bf4 47. Bc5 Bg3 48. Bf2 Bxf2 49. Kxf2 Kf4 50. Kf1 Kg3 51. Kg1 f2+ 52. Kf1 Kf3 53. a3 Ke3 0-1

[Event "Turkish Youth Teams U18 2024"]
[Site "Karaman"]
[Date "2024.04.24"]
[Round "7"]
[White "Acar, Zeynep"]
[Black "Ozgor, Ezel"]
[Result "1-0"]
[ECO "D36"]
[WhiteElo "1671"]
[BlackElo "1741"]
[Annotator "NA RC"]
[PlyCount "64"]
[EventDate "2024.04.21"]
[EventType "team-tourn"]
[EventCountry "TUR"]
[SourceTitle "playchess.com"]
[Source "ChessBase"]
[SourceQuality "1"]
[TimeControl "5400+30"]

1. d4 Nf6 2. c4 e6 3. Nc3 d5 4. cxd5 exd5 5. Bg5 Be7 6. e3 c6 7. Bd3 O-O 8. Qc2 h6 9. Bh4 Re8 10. Nge2 Nbd7 11. O-O Nf8 12. f3 Ne6 13. Bf2 b6 14. Rad1 Bb7 15. Ng3 c5 16. dxc5 Bxc5 17. Bb5 Rf8 18. Kh1 Qc8 19. Nf5 Nc7 20. Ba4 Ne6 21. Bb3 Rd8 22. Bh4 Ng5 23. f4 Nge4 24. Nxe4 dxe4 25. Nxh6+ gxh6 26. Bxf6 Rxd1 27. Rxd1 Qf5 28. Be5 Rc8 29. Qf2 Kh7 30. Qh4 Bf8 31. g4 Qg6 32. Rd7 Ra8 1-0

[Event "Turkish Youth Teams U18 2024"]
[Site "Karaman"]
[Date "2024.04.24"]
[Round "7"]
[White "Topak, Elif Sinem"]
[Black "Buyuk, Ecrin Efsa"]
[Result "0-1"]
[ECO "B15"]
[WhiteElo "1643"]
[BlackElo "1949"]
[Annotator "TA"]
[PlyCount "62"]
[EventDate "2024.04.21"]
[EventType "team-tourn"]
[EventCountry "TUR"]
[SourceTitle "playchess.com"]
[Source "ChessBase"]
[SourceQuality "1"]
[TimeControl "5400+30"]

1. e4 c6 2. d4 d5 3. Nc3 dxe4 4. Nxe4 Nf6 5. Nxf6+ exf6 6. c3 Bd6 7. Bd3 O-O 8. Qc2 Re8+ 9. Ne2 h6 10. Be3 Nd7 11. c4 Nf8 12. O-O-O Be6 13. Qd2 {[%emt 0:13:30] The position is equal.} f5 14. h4 h5 ({Better is} 14... b5 $15 15. d5 cxd5) 15. Bf4 g6 16. Rhe1 Rc8 17. Kb1 Bxf4 18. Qxf4 b5 19. c5 (19. cxb5 cxb5 (19... Qa5 20. b3 $15) 20. g3 (20. Bxb5 $2 {perishes.} Qd5 $19) 20... Qa5 $17) (19. d5 $1 $11 bxc4 (19... cxd5 20. cxb5 Bd7 21. Qb4 $14) 20. dxe6 cxd3 21. exf7+ Kxf7 22. Qb4 (22. Qc4+ Qd5 $17)) 19... a5 (19... Rc7 $17 20. Qg3 Rd7) 20. Qg5 ({White should play} 20. Nc3 $15) 20... Qd5 (20... Qxg5 $17 21. hxg5 Rcd8) 21. Nc3 $2 {[%emt 0:01:55] Loses the game.} (21. b3 $15) 21... Qxd4 $19 {[%emt 0:13:30][%cal Oe6a2] [#] ...Bxa2+! is the strong threat.} 22. Bxb5 Qxf2 23. Re2 Qxc5 24. Ba4 Nh7 25. Qf4 Nf6 26. Rc2 Qb6 27. Ka1 Nd5 28. Nxd5 Bxd5 29. Rcd2 $2 {[%emt 0:00:38] [#]} (29. Qc1 Qb4 (29... Re4 $2 30. Rxd5 Rxa4 31. Rd6 $19) 30. Rxd5 Qxa4 31. b3 Qxh4 32. Rd1) 29... Re4 {[%emt 0:00:16] Black is clearly winning.} 30. Qd6 Rxa4 31. Rxd5 Qb3 {[%emt 0:00:00] Weighted Error Value: White=0.97/Black=0.25 (precise) .  Loses game:     	White=1     	---        Mistake:       	White=3     	Black=3      Inaccurate:     	White=5     	Black=1      OK:         	White=4     	Black=5      Best:        	---       	Black=2} 0-1

[Event "Turkish Youth Teams U18 2024"]
[Site "Karaman"]
[Date "2024.04.24"]
[Round "7"]
[White "Oztay, Rezzan"]
[Black "Karadas, Hena"]
[Result "1/2-1/2"]
[ECO "A13"]
[WhiteElo "1608"]
[BlackElo "1775"]
[Annotator "NA RC"]
[PlyCount "60"]
[EventDate "2024.04.21"]
[EventType "team-tourn"]
[EventCountry "TUR"]
[SourceTitle "playchess.com"]
[Source "ChessBase"]
[SourceQuality "1"]
[TimeControl "5400+30"]

1. Nf3 Nf6 2. c4 e6 3. e3 d5 4. Be2 Bd6 5. O-O O-O 6. d4 a6 7. Nc3 dxc4 8. Bxc4 b5 9. Bd3 Bb7 10. Ng5 h6 11. Nge4 Nxe4 12. Nxe4 Bxe4 13. Bxe4 Qh4 14. f4 Ra7 15. b3 c5 16. Bb2 Rd7 17. Rf3 cxd4 18. Qxd4 f6 19. Qb6 Qh5 20. Rc1 Qe8 21. Bc6 Qd8 22. Qxd8 Rdxd8 23. f5 exf5 24. Rxf5 Kh8 25. Kh1 Kg8 26. Kg1 Kh8 27. Kh1 Kg8 28. Kg1 Kh8 29. Kh1 Kg8 30. Kg1 Kh8 1/2-1/2